 Dungeon Crawl Stone Soup version 0.28-a0-828-g0121872642 (webtiles) character file.

Game seed: 3586767913194157965

72 cheechan the Bolt Thrower (level 4, -1/30 HPs)
             Began as an Octopode Hunter on Nov 10, 2021.
             Was an Initiate of Gozag.
             Killed from afar by an orc wizard (9 damage)
             ... with a magic dart
             ... on level 2 of the Dungeon.
             The game lasted 00:07:53 (1583 turns).

cheechan the Bolt Thrower (Octopode Hunter)         Turns: 1583, Time: 00:07:53

Health: -1/30      AC:  1    Str: 11    XL:     4   Next: 26%
Magic:  4/4        EV: 13    Int: 13    God:    Gozag
Gold:   6          SH:  0    Dex: 13    Spells: 3/3 levels left

rFire   . . .      SeeInvis .   b - +0 short sword
rCold   . . .      Faith    .   (no shield)
rNeg    . . .      Spirit   .   (helmet restricted)
rPois   .          Reflect  .   m - amulet of the acrobat
rElec   .          Harm     .   (no ring)
rCorr   .          Rampage  .   (no ring)
Will    .....                   (no ring)
Stlth   +++.......              (no ring)
HPRegen 0.10/turn               (no ring)
MPRegen 0.09/turn               (no ring)
                                (no ring)
                                (no ring)

@: no status effects
A: almost no armour, amphibious, 8 rings, camouflage 1, gelatinous body 1,
(nimble swimmer 1), tentacles
a: Renounce Religion, Potion Petition, Call Merchant, Bribe Branch


You were on level 2 of the Dungeon.
You worshipped Gozag.
Gozag was noncommittal.
You visited 1 branch of the dungeon, and saw 2 of its levels.

You collected 10 gold pieces.
You paid 4 gold pieces to Gozag.

Inventory:

Hand Weapons
 a - a +1 hand crossbow
 b - a +0 short sword (weapon)
 o - a +0 hunting sling
Missiles
 i - 2 javelins
 k - 26 sling bullets
 l - 17 poisoned darts
Armour
 j - a +0 buckler
Jewellery
 m - an amulet of the acrobat (around mantle)
Scrolls
 f - a scroll of teleportation
Potions
 d - 2 potions of heal wounds
 e - a potion of invisibility {unknown}
 g - 2 potions of lignification
 h - a potion of curing


   Skills:
 + Level 2.8 Fighting
 + Level 5.0 Crossbows
 + Level 2.4 Dodging
 + Level 1.5 Stealth


You had 3 spell levels left.
You didn't know any spells.
Your spell library contained the following spells:

 Spells                   Type           Power      Damage    Failure   Level
 Sublimation of Blood     Necr           0%         N/A       43%         2
 Wereblood                Tmut           0%         N/A       43%         2
 Summon Hydra             Summ           0%         N/A       100%        7


Dungeon Overview and Level Annotations

Branches:
Dungeon (2/15)

Altars:
Gozag


Innate Abilities, Weirdness & Mutations

You cannot wear most types of armour.
You are amphibious.
You can wear up to eight rings at the same time.
Your skin changes colour to match your surroundings (Stealth+).
Your rubbery body absorbs attacks. (AC +1, EV +1)
((You are camouflaged near water. (Stealth+)))
You have tentacles for arms and can constrict up to eight enemies at once.


Message History

Aim: an orc, wielding a +0 hand axe (57% to hit)
You shoot a sling bullet. The sling bullet hits the orc.
The orc is almost dead.
Unknown command.
Fire: 29 sling bullets
Press: ? - help, Q - select action, (/) - cycle Shift-Dir - straight line, f/p - orc
Aim: an orc, wielding a +0 hand axe (almost dead, 57% to hit)
You shoot a sling bullet. The sling bullet barely misses the orc.
The orc hits you with a +0 hand axe.
You hear some strange, mumbled words.
Something tries to affect you, but you resist.
Fire: 28 sling bullets
Press: ? - help, Q - select action, (/) - cycle Shift-Dir - straight line, f/p - orc
Aim: an orc, wielding a +0 hand axe (almost dead, 57% to hit)
You shoot a sling bullet. The sling bullet hits the orc!
You kill the orc!
Something hits you.
Fire: 27 sling bullets
Press: ? - help, Q - select action, (/) - cycle Shift-Dir - straight line You shoot a sling bullet.
You hear a splash.
Something hits you. Something hits you!
Unknown command.
b - a +0 short sword (weapon)
You see here 24 sling bullets.
You hear some strange, mumbled words.
You are confused.
You bump into the rock wall.
You bump into the rock wall.
Something hits you but does no damage.
You bump into the rock wall.
Something completely misses you.
You barely miss something. You squeeze something! Something hits you!
* * * LOW HITPOINT WARNING * * *
You feel better. Something hits you.
* * * LOW HITPOINT WARNING * * *
You hit something. You squeeze something.
You hear some strange, mumbled words.
A magic dart appears from out of thin air!
The magic dart hits you!
You die...
Your body crumbles into a pile of gold.

#.# #...####≈.≈.≈.. #.#
#...# ≈≈≈≈≈≈≈≈≈≈≈≈(
##.###.### ≈≈≈≈≈≈≈≈≈≈.≈
####......#.####....)......
#.....####...##....≈...(.(≈
#..###........##.#....≈...≈
..####.##.....##....$.$(#
..........._..####..$(..####
#########.......@{.(.$......
#......#############
###....# ######


There were no monsters in sight!

Vanquished Creatures
  An adder (D:2)
  A worm (D:2)
  3 dart slugs
  5 orcs (D:2)
  5 bats
  6 endoplasms
  3 giant cockroaches
  3 goblins
  3 jackals
  3 quokkas (D:2)
  6 ball pythons
  2 frilled lizards
  2 kobolds (D:2)
  2 rats
45 creatures vanquished.

Notes
Turn   | Place    | Note
-------+----------+-------------------------------------------
     0 | D:1      | cheechan the Octopode Hunter began the quest for the Orb.
     0 | D:1      | Reached XP level 1. HP: 14/14 MP: 1/1
   242 | D:1      | Reached XP level 2. HP: 16/19 MP: 2/2
   848 | D:2      | Reached XP level 3. HP: 8/25 MP: 3/3
  1380 | D:2      | Reached XP level 4. HP: 30/30 MP: 4/4
  1531 | D:2      | Found an opulent altar of Gozag.
  1544 | D:2      | Became a worshipper of Gozag Ym Sagoz the Greedy
  1562 | D:2      | Reached skill level 5 in Crossbows
  1583 | D:2      | Killed from afar by an orc wizard

Illustrated notes

Levels and vault maps discovered:
D:1:      giann_forest_graveyard, layout_loops_ring,
          chequers_serial_rivers_micro_d
D:2:      layout_rooms, basic_altar, chequers_serial_rivers_small_3,
          minmay_pentomino_t4

Skill      XL: |  1  2  3  4 |
---------------+-------------+-----
Crossbows      | 5 |  5.0
Fighting       | |  2.8
Dodging        | |  2.4
Stealth        | |  1.5

Action                   |  1- 3 |  4- 6 || total
-------------------------+-------+-------++-------
Melee: Hand crossbow     |    10 |     4 ||    14
       Constrict         |     3 |     1 ||     4
       Tentacles         |     3 |     2 ||     5
       Short sword       |       |     2 ||     2
 Fire: Hand crossbow     |    70 |    18 ||    88
       Hunting sling     |       |     4 ||     4
  Use: Scroll            |     4 |     3 ||     7
       Potion            |       |     1 ||     1
Armor: Skin              |     4 |     3 ||     7
Dodge: Dodged            |    33 |     9 ||    42

Table legend: (Time is in decaauts)
 A = Elapsed time spent in this place.
 B = Non-inter-level travel time spent in this place.
 C = Inter-level travel time spent in this place.
 D = Time resting spent in this place.
 E = Time spent auto-exploring this place.
 F = Levels seen in this place.
 G = Mean time per level.
                   A        B        C        D        E       F      G
               +--------+--------+--------+--------+--------+-----+--------+
         Total |   1614 |   1614 |      0 |    342 |      0 |   2 |  807.0 |
       Dungeon |   1614 |   1614 |      0 |    342 |      0 |   2 |  807.0 |
               +--------+--------+--------+--------+--------+-----+--------+

Top non-repeatable levels by time:
     D:1: 1047 daAuts
     D:2: 567 daAuts
